 Dungeon Crawl Stone Soup version 0.19.5 (webtiles) character file.

663 Rrauwl the Cleaver (level 7, -3/57 HPs)
             Began as a Minotaur Berserker on Mar 12, 2017.
             Was a Priest of Trog.
             Slain by a centaur (5 damage)
             ... on level 5 of the Dungeon.
             The game lasted 00:15:05 (3908 turns).

Rrauwl the Cleaver (Minotaur Berserker)             Turns: 3908, Time: 00:15:05

Health: -3/57      AC:  3    Str: 23    XL:     7   Next: 31%
Magic:  6/6        EV: 12    Int:  4    God:    Trog [***...]
Gold:   240        SH:  0    Dex: 10    Spells: 0 memorised, 6 levels left

rFire  . . .     SeeInvis .     a - +0 hand axe
rCold  . . .     Gourm    .     b - +1 animal skin
rNeg   . . .     Faith    .     (no shield)
rPois  .         Spirit   .     (helmet unavailable)
rElec  .         Reflect  .     (no cloak)
rCorr  .         Harm     .     (no gloves)
MR     .....     Clarity  +     (no boots)
Stlth  +.........               (no amulet)
                                (no ring)
                                (no ring)

@: no status effects
A: retaliatory headbutt, claws 1, horns 3, clarity
a: Berserk, Trog's Hand, Burn Spellbooks, Renounce Religion


You were on level 5 of the Dungeon.
You worshipped Trog.
Trog was most pleased with you.
You were not hungry.

You visited 1 branch of the dungeon, and saw 5 of its levels.

You collected 240 gold pieces.

Inventory:

Hand Weapons
 a - a +0 hand axe (weapon)
 p - the +2 hunting sling of Hepel {speed, rPois Str+4 Dex+4}
   (You found it on level 4 of the Dungeon)

   Attacks with this weapon are significantly faster.
   It affects your strength (+4).
   It affects your dexterity (+4).
   It protects you from poison.
 r - a +1 whip of flaming
Missiles
 g - 47 bolts
 t - 20 sling bullets
Armour
 b - a +1 animal skin (worn)
Scrolls
 j - 12 scrolls of identify
 l - 3 scrolls of enchant armour
 w - a scroll of remove curse
Potions
 e - a potion of beneficial mutation
 i - 6 potions of curing
 n - a potion of mutation
Comestibles
 c - 7 bread rations
 h - a royal jelly
 k - 3 meat rations
 o - a beef jerky
 q - a chunk of flesh
 v - a slice of pizza


   Skills:
 - Level 3.6 Fighting
 + Level 10.1 Axes
 - Level 2.4 Armour
 - Level 2.1 Dodging
 - Level 1.0 Stealth


You had 6 spell levels left.
You didn't know any spells.

Dungeon Overview and Level Annotations

Branches:
Dungeon (5/15)
 Temple: D:4-7

Altars:
Gozag
Hepliaklqana
Yredelemnul


Innate Abilities, Weirdness & Mutations

You reflexively headbutt those who attack you in melee.
You have a pair of large horns on your head.
You have sharp fingernails.
You possess an exceptional clarity of mind.


Message History

You feel less confused.
Found a ring mail.
A centaur comes into view.
The centaur shouts!
The centaur wields a runed shortbow.
The centaur shoots an arrow.
The arrow barely misses you.
The centaur shoots an arrow.
The arrow hits you!
You see here an arrow.
The centaur shoots an arrow.
The arrow hits you!
The centaur shoots an arrow.
The arrow completely misses you.
You see here an arrow.
The centaur shoots an arrow.
The arrow hits you!
You see here an arrow.
The centaur shoots an arrow.
The arrow hits you!
* * * LOW HITPOINT WARNING * * *
x2 The centaur unwields an uncursed shortbow of velocity.
The centaur hits you.
* * * LOW HITPOINT WARNING * * *
The centaur hits you.
You die...

..§§.§§.......[..#
.#############.###
.# .........(# ##
#.#.#...#.#
#.###(# ... #(#
#### #(# #.# #@#
#....c# #.#####


You could see a centaur.

Vanquished Creatures
  A big kobold (D:3)
  A gnoll sergeant (D:5)
  2 scorpions (D:4)
  A crimson imp (D:5)
  A bullfrog skeleton (D:5)
  A centaur skeleton (D:3)
  An orc wizard (D:3)
  3 worker ants
  4 gnolls (D:5)
  9 adders
  An ooze (D:1)
  An adder skeleton (D:4)
  5 worms
  3 dart slugs
  2 leopard geckos (D:2)
  4 orcs (D:3)
  3 bats
  7 giant cockroaches
  2 gnoll zombies (D:4)
  9 goblins
  7 hobgoblins
  6 jackals
  2 quokkas
  3 frilled lizards
  A jackal skeleton (D:4)
  6 kobolds
  16 rats
102 creatures vanquished.

Notes
Turn   | Place    | Note
-------+----------+-------------------------------------------
     0 | D:1      | Rrauwl the Minotaur Berserker began the quest for the Orb.
     0 | D:1      | Reached XP level 1. HP: 19/19 MP: 0/0
   156 | D:1      | Reached skill level 4 in Axes
   231 | D:1      | Reached XP level 2. HP: 21/26 MP: 1/1
   754 | D:1      | Reached ** piety under Trog
   786 | D:2      | Reached skill level 5 in Axes
   786 | D:2      | Reached XP level 3. HP: 31/31 MP: 2/2
   926 | D:2      | Reached XP level 4. HP: 38/39 MP: 3/3
   958 | D:2      | Reached skill level 6 in Axes
  1275 | D:3      | Noticed a big kobold
  1284 | D:3      | Killed a big kobold
  1284 | D:3      | Reached skill level 7 in Axes
  1284 | D:3      | Reached skill level 1 in Stealth
  1284 | D:3      | Reached XP level 5. HP: 42/45 MP: 4/4
  1729 | D:3      | Reached *** piety under Trog
  1794 | D:3      | Reached skill level 8 in Axes
  1794 | D:3      | Reached XP level 6. HP: 42/51 MP: 5/5
  2248 | D:4      | Reached skill level 9 in Axes
  2699 | D:4      | Got a dazzling hunting sling
  2700 | D:4      | Identified the +2 hunting sling of Hepel {speed, rPois Str+4 Dex+4} (You found it on level 4 of the Dungeon)
  2734 | D:4      | Found an opulent altar of Gozag.
  2734 | D:4      | Found a hazy altar of Hepliaklqana.
  2842 | D:4      | You fall through a shaft!
  2842 | D:5      | Entered Level 5 of the Dungeon
  2843 | D:5      | Noticed an ice beast
  2896 | D:5      | Reached XP level 7. HP: 46/57 MP: 6/6
  3401 | D:4      | Found a basalt altar of Yredelemnul.
  3812 | D:5      | Reached skill level 10 in Axes
  3876 | D:5      | Gained mutation: You have a pair of large horns on your head. [potion of mutation]
  3876 | D:5      | Gained mutation: You have sharp fingernails. [potion of mutation]
  3876 | D:5      | Gained mutation: You possess an exceptional clarity of mind. [potion of mutation]
  3908 | D:5      | HP: 2/57 [centaur (2)]
  3908 | D:5      | Slain by a centaur

Skill      XL: |  1  2  3  4  5  6  7 |
---------------+----------------------+-----
Axes           | 4 5 7 8 9 10 | 10.1
Stealth        | 1 |  1.0
Fighting       | |  3.6
Armour         | |  2.4
Dodging        | |  2.1

Action                   |  1- 3 |  4- 6 |  7- 9 || total
-------------------------+-------+-------+-------++-------
Melee: Hand axe          |    66 |   135 |    48 ||   249
       Headbutt          |    10 |    29 |     4 ||    43
Invok: Berserk           |       |     2 |       ||     2
       Trog's Hand       |       |     1 |       ||     1
  Use: Scroll            |       |     9 |     2 ||    11
       Potion            |       |       |     5 ||     5
 Stab: Sleeping          |       |     1 |       ||     1
  Eat: Chunk             |       |     8 |     4 ||    12
Armor: Animal skin       |     9 |    14 |     3 ||    26
Dodge: Dodged            |    36 |    59 |    24 ||   119
